 Dungeon Crawl Stone Soup version 0.25-a0-50-gf0389da217 (webtiles) character file.

Game seed: 2272125459448175047, levelgen mode: deterministic

6657 Arixos the Scholar of Death (level 11, -5/75 HPs)
             Began as an Octopode Necromancer on Oct 24, 2019.
             Was a Follower of Kikubaaqudgha.
             Slain by a killer bee (8 damage)
             ... on level 10 of the Dungeon.
             The game lasted 01:36:30 (16178 turns).

Arixos the Scholar of Death (Octopode Necromancer) Turns: 16178, Time: 01:36:31

Health: -5/75      AC:  1    Str:  8    XL:     11   Next: 3%
Magic:  2/23       EV: 17    Int: 25    God:    Kikubaaqudgha [*.....]
Gold:   632        SH:  5    Dex: 13    Spells: 11/26 levels left

rFire    + . .     SeeInvis +   L - +0 whip (elec)
rCold    . . .     Gourm    .   B - +0 buckler
rNeg     . . .     Faith    .   (helmet restricted)
rPois    +         Spirit   .   (no amulet)
rElec    .         Reflect  .   a - ring of stealth
rCorr    +         Harm     .   i - ring of protection from fire
MR       .....                  n - ring of poison resistance
Stlth    ++++......             d - ring of resist corrosion
HPRegen  0.22/turn              y - ring of wizardry
MPRegen  0.18/turn              R - ring of see invisible
                                (no ring)
                                (no ring)

@: brilliant, lethally poisoned (-5 -> -9)
A: almost no armour, stealthy swim, amphibious, 8 rings, constrict 8, camouflage
1, gelatinous body 1
a: Receive Corpses, Renounce Religion


You were on level 10 of the Dungeon.
You worshipped Kikubaaqudgha.
Kikubaaqudgha was aware of your devotion.
You were hungry.

You visited 2 branches of the dungeon, and saw 11 of its levels.
You also visited: Ossuary.

You collected 632 gold pieces.

Inventory:

Hand Weapons
 q - a +1 dagger of venom
 A - a +4 dagger
 L - a +0 whip of electrocution (weapon)
Missiles
 g - 48 poisoned darts (quivered)
Armour
 B - a +0 buckler (worn)
Jewellery
 a - a ring of stealth (left tentacle)
 d - a ring of resist corrosion (on tentacle)
 i - a ring of protection from fire (right tentacle)
 n - a ring of poison resistance (on tentacle)
 y - a ring of wizardry (on tentacle)
 R - a ring of see invisible (on tentacle)
Wands
 C - a wand of acid (16)
 G - a wand of iceblast (8)
 I - a wand of paralysis (5)
Scrolls
 e - 8 scrolls of identify
 f - a scroll of enchant weapon
 h - 3 scrolls of torment
 j - 3 scrolls of remove curse
 k - 2 scrolls of enchant armour
 w - a scroll of fog
 x - 3 scrolls of magic mapping
 E - 2 scrolls of summoning {unknown}
 F - a scroll of amnesia {unknown}
 J - a scroll of holy word {unknown}
 N - 2 scrolls of teleportation
 O - a scroll of noise {unknown}
 P - 2 scrolls of acquirement {unknown}
 Q - a scroll of immolation {unknown}
Potions
 c - 2 potions of brilliance
 l - a potion of haste
 m - 3 potions of ambrosia {unknown}
 o - 3 potions of degeneration {unknown}
 p - a potion of lignification {unknown}
 r - 3 potions of mutation {unknown}
 s - 5 potions of curing
 t - a potion of flight {unknown}
 u - 3 potions of heal wounds {unknown}
 v - 2 potions of magic {unknown}
 z - a potion of invisibility {unknown}
 D - 3 potions of agility {unknown}
 K - 2 potions of cancellation {unknown}
Comestibles
 b - 8 rations
 H - 4 chunks of flesh


   Skills:
 + Level 7.3 Fighting
 + Level 7.7 Dodging
 - Level 2.6 Stealth
 - Level 4.0 Shields
 + Level 8.1 Spellcasting
 - Level 4.0 Charms
 + Level 8.4 Necromancy


You had 11 spell levels left.
You knew the following spells:

 Your Spells              Type           Power        Failure   Level  Hunger
a - Pain                  Necr           ####         1%          1    None
c - Corpse Rot            Necr           N/A          1%          2    None
d - Vampiric Draining     Necr           ######....   1%          3    None
r - Regeneration          Chrm/Necr      ######....   1%          3    None
s - Sublimation of Blood  Necr           ######....   1%          2    None
A - Animate Dead          Necr           N/A          1%          4    ##.....

Your spell library contained the following spells:

 Spells                   Type           Power        Failure   Level  Hunger
 Animate Skeleton         Necr           N/A          1%          1    None
 Corona                   Hex            ####...      1%          1    None
 Slow                     Hex            ####....     1%          2    None
 Inner Flame              Hex/Fire       ####....     2%          3    None
 Portal Projectile        Hex/Tloc       ####..       2%          3    None
 Cause Fear               Hex            ####......   7%          4    ##.....
 Leda's Liquefaction      Hex/Erth       ####......   7%          4    ##.....
 Silence                  Hex/Air        ####......   17%         5    ####...
 Yara's Violent Unravell  Hex/Tmut       ####......   17%         5    ####...
 Deflect Missiles         Chrm/Air       #####.....   36%         6    ######.
 Discord                  Hex            ####......   100%        8    #######


Dungeon Overview and Level Annotations

Branches:
Dungeon (10/15)            Temple (1/1) D:7             Orc (0/2) D:9
Ossuary (visited)
   Lair: D:8-11

Altars:
Ashenzari
Cheibriados
Dithmenos
Fedhas
Gozag
Hepliaklqana
Kikubaaqudgha
Makhleb
Nemelex Xobeh
Okawaru
Qazlal
Ru
Sif Muna
Trog
Uskayaw
Vehumet
Wu Jian
Xom
Yredelemnul
Zin
The Shining One

Shops:
D:6 =

Annotations:
D:4 Pikel


Innate Abilities, Weirdness & Mutations

You cannot wear most types of armour.
You are very stealthy in the water. (Stealth+)
You are amphibious.
You can wear up to eight rings at the same time.
You can use your tentacles to constrict eight enemies at once.
Your skin changes colour to match your surroundings (Stealth+).
Your rubbery body absorbs attacks. (AC +1, EV +1)


Message History

Your killer bee zombie misses the killer bee.
Your killer bee zombie hits the killer bee but does no damage.
Casting: Vampiric Draining (safe; 1% risk of failure)
Confirm with . or Enter, or press ? or * to list all spells.
Aiming: Vampiric Draining (safe; 1% risk of failure)
Press: ? - help, Shift-Dir - straight line, f - killer bee
Aim: a killer bee (lightly wounded)
The killer bee is severely wounded.
You feel life coursing into your body.
You feel sick.
The killer bee barely misses your killer bee zombie.
You block the killer bee's attack. The killer bee stings you!
* * * LOW HITPOINT WARNING * * *
The killer bee closely misses you.
Your killer bee zombie hits the killer bee.
Your killer bee zombie closely misses the killer bee.
The killer bee barely misses you.
The killer bee stings your killer bee zombie.
The killer bee stings you!
You die...
Kikubaaqudgha rasps: "You have failed me!
Welcome... death!"

%... #... #..# #..# #..#
#..#
#######.Z#################
......Zyy@................
...O...Zyy................
...............)..........
...............(..........
...............((.........
..........................
.....................=....
##############((.(........
#.###########


You could see an ogre, 4 killer bees, a friendly adder zombie and 2 friendly
killer bee zombies.

Vanquished Creatures
  Joseph (D:10)
  A troll (D:9)
  2 hornets (D:8)
  A yak (D:8)
  A soldier ant (D:8)
  Duvessa (D:6)
  6 orc warriors
  2 water moccasins
  A phantom (D:9)
  4 sky beasts
  An ice beast (D:6)
  2 ogres (D:5)
  6 centaurs
  A crocodile (D:7)
  A bullfrog (D:7)
  2 scorpions
  Dowan (D:7)
  10 killer bees
  A howler monkey (D:6)
  3 crimson imps
  A quasit (D:6)
  5 hounds
  2 human zombies (Ossuary)
  A gnoll shaman (D:7)
  11 orc wizards
  2 jellies (D:9)
  6 orc priests
  4 iguanas
  Terence (D:2)
  A bullfrog skeleton (D:8)
  A centaur skeleton (D:9)
  Natasha (thrice) (D:2)
  7 worker ants
  3 ogre zombies (D:9)
  A big kobold zombie (Ossuary)
  A hound zombie (D:7)
  4 mummies (Ossuary)
  A worker ant zombie (D:7)
  8 gnolls
  A howler monkey skeleton (D:5)
  5 adders (D:3)
  2 shadow imps
  2 adder zombies (Ossuary)
  2 worms
  4 leopard geckos
  42 orcs
  3 ball pythons
  4 giant cockroaches
  4 goblins
  5 hobgoblins
  6 jackals
  4 quokkas
  2 bats (D:1)
  3 frilled lizards
  3 gnoll zombies (Ossuary)
  2 hobgoblin zombies
  9 kobolds
  A leopard gecko skeleton (D:5)
  2 orc skeletons (D:9)
  4 orc zombies (D:9)
  A quokka skeleton (D:5)
  6 rats
  3 rat zombies (Ossuary)
231 creatures vanquished.

Vanquished Creatures (collateral kills)
  An ugly thing (D:9)
  2 yaks (D:9)
  2 hungry ghosts (D:9)
  A phantom (D:7)
  2 centaurs (D:7)
  2 killer bees (D:10)
  A centaur zombie (D:6)
  A hound (D:8)
  A crimson imp (D:5)
  2 orc priests (D:9)
  2 orc wizards
  A worker ant (D:9)
  5 ogre zombies (D:9)
  A hound skeleton (D:6)
  7 orcs
  2 goblin skeletons (D:9)
  2 goblin zombies (D:9)
  A hobgoblin skeleton (D:9)
  5 hobgoblin zombies (D:9)
  A leopard gecko skeleton (D:6)
  An orc skeleton (D:9)
  7 orc zombies (D:9)
50 creatures vanquished.

Grand Total: 281 creatures vanquished

Notes
Turn   | Place    | Note
-------+----------+-------------------------------------------
     0 | D:1      | Arixos the Octopode Necromancer began the quest for the
                  | Orb.
     0 | D:1      | Reached XP level 1. HP: 11/11 MP: 3/3
   438 | D:1      | Reached XP level 2. HP: 18/18 MP: 5/5
   855 | D:1      | Reached skill level 1 in Fighting
  1376 | D:2      | Reached XP level 3. HP: 23/23 MP: 6/6
  1384 | D:2      | Learned a level 3 spell: Regeneration
  1541 | D:2      | Noticed Natasha
  1551 | D:2      | Killed Natasha
  1571 | D:2      | Noticed Natasha
  1577 | D:2      | Killed Natasha
  1577 | D:2      | Reached skill level 1 in Charms
  1577 | D:2      | Reached XP level 4. HP: 10/28 MP: 5/7
  1843 | D:2      | Noticed Natasha
  1852 | D:2      | Killed Natasha
  2057 | D:2      | You fall into a shaft and drop 2 floors!
  2062 | D:4      | Learned a level 3 spell: Vampiric Draining
  2089 | D:4      | Reached XP level 5. HP: 19/34 MP: 4/9
  2169 | D:4      | Found a sand-covered staircase.
  2178 | Ossuary  | Entered an ossuary
  2626 | Ossuary  | Reached XP level 6. HP: 34/39 MP: 2/11
  3058 | D:3      | Learned a level 4 spell: Animate Dead
  3242 | D:3      | Found a snail-covered altar of Cheibriados.
  3666 | D:2      | Noticed Terence
  3678 | D:2      | Killed Terence
  4648 | D:3      | Reached XP level 7. HP: 44/45 MP: 9/12
  5122 | D:4      | Noticed Pikel
  5164 | D:5      | Entered Level 5 of the Dungeon
  5295 | D:5      | HP: 1/45 [ogre/+0 giant club (12)]
  5306 | D:5      | Reached skill level 5 in Necromancy
  5609 | D:5      | Found a hazy altar of Hepliaklqana.
  5978 | D:5      | Reached XP level 8. HP: 40/52 MP: 14/14
  7213 | D:6      | Reached skill level 5 in Spellcasting
  7630 | D:6      | Found a shadowy altar of Dithmenos.
  7634 | D:6      | Identified the +2 ring mail of Midwinter {Int+9 Dex+4}
  7748 | D:6      | Reached skill level 1 in Shields
  8191 | D:6      | Found Vodug's Jewellery Emporium.
  8212 | D:6      | Found a burning altar of Makhleb.
  8212 | D:6      | Noticed a green death
  8956 | D:7      | Reached XP level 9. HP: 55/58 MP: 13/17
  9335 | D:7      | Reached skill level 5 in Dodging
  9958 | D:7      | Found a staircase to the Ecumenical Temple.
  9967 | Temple   | Entered the Ecumenical Temple
 10036 | Temple   | Became a worshipper of Kikubaaqudgha
 10118 | D:7      | Noticed Dowan
 10598 | D:7      | Noticed Duvessa
 10599 | D:7      | Paralysed by Dowan for 2 turns
 10609 | D:7      | Killed Dowan
 10637 | D:6      | Killed Duvessa
 11605 | D:7      | Found an iron altar of Okawaru.
 11612 | D:7      | Reached skill level 5 in Fighting
 12399 | D:8      | Reached * piety under Kikubaaqudgha
 12399 | D:8      | Identified Kikubaaqudgha's Collected Works on Necromancy
                  | (Kikubaaqudgha gifted it to you on level 8 of the Dungeon)
 12399 | D:8      | Received a gift from Kikubaaqudgha
 12404 | D:8      | Learned a level 2 spell: Corpse Rot
 12407 | D:8      | Learned a level 2 spell: Sublimation of Blood
 12870 | D:8      | Reached XP level 10. HP: 57/67 MP: 17/20
 13451 | D:8      | Found a shattered altar of Ashenzari.
 13462 | D:8      | Found a hide-covered altar of Uskayaw.
 13898 | D:9      | Found a bloodstained altar of Trog.
 13975 | D:9      | HP: 2/69 [killer bee (9)]
 14248 | D:9      | Noticed a green ugly thing
 14443 | D:9      | Found a staircase to the Orcish Mines.
 14784 | D:9      | Killed a green ugly thing
 15436 | D:10     | Entered Level 10 of the Dungeon
 15466 | D:9      | HP: 1/69 [killer bee (4)]
 16011 | D:10     | Noticed Joseph
 16036 | D:10     | Killed Joseph
 16036 | D:10     | Reached XP level 11. HP: 33/75 MP: 4/23
 16178 | D:10     | HP: 3/75 [killer bee (9)]
 16178 | D:10     | Slain by a killer bee

Levels and vault maps discovered:
D:1:      shiori_arrival_oz, layout_loops_ring
D:2:      layout_loops_corners, first_ration, uniq_natasha, uniq_terence
D:3:      layout_loops_ring, cheibriados_altar_1
D:4:      layout_gridville, old_standard_altar, nicolae_ossuary_entry_monument,
          uniq_pikel
D:5:      layout_layer_cave, basic_altar
D:6:      layout_basic, grunt_dithmenos_smoke_and_mirrors, serial_shops,
          kennysheep_little_box, makhleb_altar_promises_db
D:7:      layout_cave_pools, okawaru_gym_becter, minmay_temple_entry_overgrown,
          uniq_duvessa
D:8:      layout_rooms, amethyst_overflow_temple_binary,
          hangedman_pestilent_swarm
D:9:      layout_stronghold, zombieorc2_lemuel, basic_altar
D:10:     layout_long_grid, uniq_erolcha, uniq_joseph
Temple:   nicolae_temple_elliptical

Skill      XL: |  1  2  3  4  5  6  7  8  9 10 |
---------------+-------------------------------+-----
Fighting       | 1 2 3 4 5 7 |  7.3
Charms         | 1 2 3 4 |  4.0
Spellcasting   | 3 4 5 6 8 |  8.1
Dodging        | 3 4 6 7 |  7.7
Necromancy     | 5 7 8 |  8.4
Shields        | 2 4 |  4.0
Stealth        | |  2.6

Action                   |  1- 3 |  4- 6 |  7- 9 | 10-12 || total
-------------------------+-------+-------+-------+-------++-------
Melee: Whip              |    17 |   116 |    32 |   138 ||   303
       Tentacles         |     3 |    32 |    44 |    28 ||   107
       Unarmed           |     2 |       |       |       ||     2
       Constrict         |     5 |    75 |    60 |    19 ||   159
       Dagger            |       |    17 |   200 |       ||   217
       Rapier            |       |     9 |    11 |       ||    20
Throw: Dart              |     9 |     9 |       |       ||    18
 Cast: Pain              |    29 |    69 |   144 |    60 ||   302
       Regeneration      |       |    21 |    17 |    17 ||    55
       Animate Dead      |       |       |    30 |    32 ||    62
       Vampiric Draining |       |       |    30 |    31 ||    61
       Sublimation of Bl |       |       |     4 |    23 ||    27
Invok: Receive Corpses   |       |       |       |    18 ||    18
Evoke: Wand              |       |       |     2 |       ||     2
  Use: Scroll            |       |    11 |     3 |     4 ||    18
       Potion            |       |       |       |     3 ||     3
 Stab: Sleeping          |     5 |     1 |    11 |     3 ||    20
       Distracted        |       |     1 |       |     1 ||     2
  Eat: Chunk             |     2 |    10 |    18 |    10 ||    40
       Ration            |       |     1 |     4 |     3 ||     8
Armor: Skin              |     1 |     9 |     8 |     3 ||    21
Dodge: Dodged            |    12 |    98 |   218 |   163 ||   491
Block: Buckler           |       |       |    46 |    50 ||    96

Table legend:
 A = Non-vault XP
 B = Vault XP
 C = Vault XP percentage of total XP
 D = Non-vault monster count
 E = Vault monster count
 F = Vault count percentage of total count
                 A         B        C        D         E       F
            +---------+---------+-------+---------+---------+-------
      Total |    7446 |    2064 |  21.7 |     218 |      63 |  22.4
            +---------+---------+-------+---------+---------+-------
        D:1 |      29 |       4 |  12.1 |      19 |       2 |   9.5
        D:2 |      74 |      73 |  49.7 |       5 |       2 |  28.6
        D:3 |     253 |       0 |   0.0 |      33 |       0 |   0.0
        D:4 |      84 |       0 |   0.0 |       5 |       0 |   0.0
        D:5 |     702 |       0 |   0.0 |      25 |       0 |   0.0
        D:6 |     964 |     145 |  13.1 |      24 |       1 |   4.0
        D:7 |    1590 |      66 |   4.0 |      35 |       1 |   2.8
        D:8 |    1123 |     715 |  38.9 |      28 |       4 |  12.5
        D:9 |    2000 |     403 |  16.8 |      31 |      36 |  53.7
       D:10 |     627 |     450 |  41.8 |      13 |       1 |   7.1
    Ossuary |       0 |     208 | 100.0 |       0 |      16 | 100.0
            +---------+---------+-------+---------+---------+-------
